 Dungeon Crawl Stone Soup version 0.20-a0-59-g66a9409 (webtiles) character file.

4012 Faca the Grappler (level 10, -2/96 HPs)
             Began as a Troll Berserker on Nov 16, 2016.
             Was an Elder of Trog.
             Slain by a polar bear (10 damage)
             ... on level 8 of the Dungeon.
             The game lasted 00:36:16 (5405 turns).

Faca the Grappler (Troll Berserker)                 Turns: 5405, Time: 00:36:18

Health: -2/96      AC:  9    Str: 27    XL:     10   Next: 3%
Magic:  9/9        EV: 12    Int:  3    God:    Trog [****..]
Gold:   432        SH:  0    Dex: 12    Spells: 0 memorised, 9 levels left

rFire  . . .     SeeInvis +     y - +4 war axe of the Coward {chop, rElec}
rCold  . . .     Gourm    +     x - +2 robe {MR+}
rNeg   . . .     Faith    .     (no shield)
rPois  .         Spirit   .     (helmet restricted)
rElec  +         Reflect  .     n - +1 cloak
rCorr  +         Harm     .     (gloves unavailable)
MR     +....                    (boots unavailable)
Stlth  ++........               (no amulet)
                                z - ring of resist corrosion
                                v - ring of see invisible

@: about to teleport
A: unfitting armour, claws 3, fast metabolism 3, gourmand, regeneration 1,
shaggy fur 1, tough skin 2
a: Berserk, Trog's Hand, Brothers in Arms, Burn Spellbooks, Renounce Religion


You were on level 8 of the Dungeon.
You worshipped Trog.
Trog was greatly pleased with you.
You were very full.

You visited 1 branch of the dungeon, and saw 8 of its levels.

You collected 432 gold pieces.

Inventory:

Hand Weapons
 t - a +1 giant club
 y - the +4 war axe of the Coward (weapon) {chop, rElec}
   (You found it on level 7 of the Dungeon)

   It inflicts extra damage upon your enemies.
   It insulates you from electricity.
Missiles
 p - 2 throwing nets (quivered)
Armour
 n - a +1 cloak (worn)
 x - a +2 robe of magic resistance (worn)
Jewellery
 v - a ring of see invisible (left claw)
 z - a ring of resist corrosion (right claw)
Wands
 a - a wand of flame (25/48)
 q - a wand of iceblast (15/15)
Scrolls
 e - 7 scrolls of remove curse
 m - 3 scrolls of enchant armour
 o - a scroll of teleportation
 r - 4 scrolls of identify
 u - 2 scrolls of magic mapping
Potions
 c - 2 potions of ambrosia {unknown}
 f - 3 potions of curing
 g - a potion of brilliance
 h - 2 potions of degeneration {unknown}
 j - a potion of heal wounds {unknown}
 k - a potion of haste {unknown}
 s - a potion of mutation {unknown}
 w - a potion of magic {unknown}
 B - a potion of beneficial mutation {unknown}
 C - a potion of berserk rage
Comestibles
 b - 7 bread rations
 d - 8 meat rations
 i - a slice of pizza
 l - 2 beef jerkies
 A - 3 chunks of flesh


   Skills:
 + Level 5.5 Fighting
 + Level 3.0 Axes
 - Level 0.1 Throwing
 + Level 6.2 Dodging
 - Level 1.3 Stealth
 + Level 10.6 Unarmed Combat


You had 9 spell levels left.
You didn't know any spells.

Dungeon Overview and Level Annotations

Branches:
Dungeon (8/15)             Temple (0/1) D:4
   Lair: D:8-11

Altars:
Ashenzari
Elyvilon
Gozag
Makhleb
Okawaru
Qazlal
Sif Muna
Xom
Yredelemnul
Zin


Innate Abilities, Weirdness & Mutations

You are too large for most types of armour.
You have claws for hands.
Your metabolism is lightning-fast.
You like to eat raw meat.
Your natural rate of healing is unusually fast.
You are covered in fur. (AC +1)
You have very tough skin. (AC +2)


Message History

You barely miss the white imp. You hit the white imp but do no damage.
The polar bear bites you but does no damage.
The polar bear closely misses you. The polar bear claws you.
* * * LOW HITPOINT WARNING * * *
The white imp gestures at you. The puff of frost misses you.
The crimson imp misses you. The white imp barely misses you.
You slash the polar bear!
The polar bear is severely wounded.
You hit the crimson imp but do no damage.
You barely miss the white imp. You closely miss the white imp.
The polar bear goes berserk!
The white imp gestures at you. The puff of frost hits you!
* * * LOW HITPOINT WARNING * * *
The crimson imp misses you.
The white imp lashes its tail.
The white imp gestures at you. The puff of frost misses you.
The polar bear bites you!
You die...

#.#.......≈..#
#...........#
#>######.#### #.#
#.# #.# #.# ## #
#.# #.# #. #.
#.######.# #.
##.##.####.....(..#
#.
#....Y5@h§...######
#. .......55#§#..#
#. .....#.§##§##.#
#. #.#.##..§§§§#.#
#. #.#.##..##§#§.#
#. #.#.##.$..##..#
#. #.#.##........#
#.
#.###.#.....5....##
#.
#..........#######
#.


You could see a polar bear (berserk), an ice beast, a crimson imp and 2 white
imps.

Vanquished Creatures
  A hill giant (D:7)
  A polar bear (D:8)
  A hornet (D:7)
  A yak (D:8)
  A hungry ghost (D:7)
  3 ice beasts (D:8)
  4 sky beasts
  2 black bears (D:7)
  A necrophage (D:7)
  A wolf (D:8)
  A phantom (D:5)
  2 ogres
  A big kobold (D:7)
  4 bullfrogs
  A wyvern skeleton (D:6)
  4 killer bees (D:7)
  4 wights (D:5)
  An electric eel (D:8)
  2 howler monkeys
  2 crimson imps
  A jelly (D:5)
  3 orc wizards
  3 hounds
  An orc priest (D:6)
  3 iron imps (D:7)
  Terence (D:3)
  7 worker ants
  A centaur simulacrum (D:8)
  A hound skeleton (D:4)
  2 worker ant zombies
  2 adders
  4 gnolls (D:3)
  A white imp (D:8)
  An adder skeleton (D:6)
  A worm (D:4)
  A dart slug (D:1)
  5 leopard geckos
  21 orcs
  6 bats
  2 giant cockroaches
  7 goblins
  7 hobgoblins
  4 jackals
  A quokka (D:4)
  3 ball pythons
  5 frilled lizards
  A jackal zombie (D:8)
  8 kobolds
  A leopard gecko skeleton (D:7)
  A leopard gecko zombie (D:5)
  5 rats
148 creatures vanquished.

Notes
Turn   | Place    | Note
-------+----------+-------------------------------------------
     0 | D:1      | Faca the Troll Berserker began the quest for the Orb.
     0 | D:1      | Reached XP level 1. HP: 22/22 MP: 0/0
     3 | D:1      | Noticed an electric eel
     4 | D:1      | Noticed an electric eel
    87 | D:1      | Reached XP level 2. HP: 29/29 MP: 1/1
   543 | D:2      | Found a stormy altar of Qazlal.
   569 | D:2      | Reached XP level 3. HP: 36/36 MP: 2/2
   961 | D:2      | Found a shimmering altar of Xom.
   962 | D:2      | Found a shimmering altar of Xom.
   962 | D:2      | Found a shimmering altar of Xom.
   962 | D:2      | Found a shimmering altar of Xom.
  1171 | D:3      | Reached ** piety under Trog
  1307 | D:3      | Reached XP level 4. HP: 27/44 MP: 3/3
  1319 | D:3      | Reached skill level 4 in Unarmed Combat
  1352 | D:3      | Noticed Terence
  1356 | D:3      | Killed Terence
  1385 | D:3      | Found an opulent altar of Gozag.
  1844 | D:4      | Reached XP level 5. HP: 52/52 MP: 4/4
  1933 | D:4      | Found a staircase to the Ecumenical Temple.
  2147 | D:4      | Noticed an ogre
  2152 | D:4      | Killed an ogre
  2152 | D:4      | Reached skill level 5 in Unarmed Combat
  2168 | D:5      | Entered Level 5 of the Dungeon
  2188 | D:5      | Reached XP level 6. HP: 53/59 MP: 5/5
  2202 | D:5      | Found a glowing silver altar of Zin.
  2408 | D:5      | Reached skill level 1 in Stealth
  2506 | D:5      | Found a basalt altar of Yredelemnul.
  2511 | D:5      | Reached skill level 6 in Unarmed Combat
  2635 | D:5      | Found an iron altar of Okawaru.
  2635 | D:5      | Found a deep blue altar of Sif Muna.
  2650 | D:5      | Reached *** piety under Trog
  2650 | D:5      | Reached XP level 7. HP: 60/67 MP: 6/6
  2733 | D:5      | Found a white marble altar of Elyvilon.
  2853 | D:5      | Reached skill level 7 in Unarmed Combat
  3395 | D:6      | Reached skill level 8 in Unarmed Combat
  3395 | D:6      | Reached XP level 8. HP: 46/75 MP: 7/7
  3771 | D:7      | Noticed a hill giant
  3778 | D:7      | Killed a hill giant
  3778 | D:7      | Reached skill level 9 in Unarmed Combat
  3803 | D:7      | Noticed a hornet
  3808 | D:7      | Killed a hornet
  3984 | D:7      | Reached skill level 5 in Dodging
  3984 | D:7      | Reached XP level 9. HP: 77/84 MP: 8/8
  4081 | D:7      | Got an encrusted war axe
  4087 | D:7      | Identified the +4 war axe of the Coward {chop, rElec} (You found it on level 7 of the Dungeon)
  4249 | D:7      | Reached **** piety under Trog
  4259 | D:7      | Reached skill level 10 in Unarmed Combat
  4385 | D:7      | Reached skill level 1 in Axes
  4459 | D:7      | Found a burning altar of Makhleb.
  4731 | D:7      | Reached skill level 5 in Fighting
  4998 | D:8      | Found a shattered altar of Ashenzari.
  5140 | D:8      | Noticed a polar bear
  5277 | D:8      | Noticed a polar bear
  5292 | D:8      | Killed a polar bear
  5298 | D:8      | Reached XP level 10. HP: 55/96 MP: 9/9
  5405 | D:8      | Slain by a polar bear

Vault maps used:
D:1:      arrival_aquarium_b, moated_statue
D:2:      xom_redecorated, old_standard_altar, first_bread
D:3:      grunt_ministairs_6, grunt_gozag_breadcrumbs, uniq_terence
D:5:      yredelemnul_altar_generic, overflow_temple_1_default,
          nicolae_overflow_crystal_walls, amethyst_overflow_temple_binary
D:6:      kennysheep_opposing_triangles
D:7:      demons_altar
D:8:      evilmike_ruin_ashenzari, serial_ice, serial_ice_i, serial_ice_g,
          serial_ice_f, serial_ice_b

Skill      XL: |  1  2  3  4  5  6  7  8  9 10 |
---------------+-------------------------------+-----
Dodging        | 3 4 5 6 |  6.2
Unarmed Combat | 4 5 6 8 9 10 | 10.6
Stealth        | 1 |  1.3
Fighting       | 3 4 5 |  5.5
Axes           | 2 3 |  3.0
Throwing       | |  0.1

Action                   |  1- 3 |  4- 6 |  7- 9 | 10-12 || total
-------------------------+-------+-------+-------+-------++-------
Melee: Unarmed           |    71 |    99 |   109 |       ||   279
       Punch             |     1 |     3 |    14 |       ||    18
       War axe           |       |       |   148 |    18 ||   166
Throw: Throwing net      |       |     1 |       |       ||     1
Invok: Burn Spellbooks   |       |     1 |     2 |       ||     3
  Use: Scroll            |     5 |     6 |     3 |     1 ||    15
       Potion            |     3 |       |     3 |       ||     6
 Stab: Distracted        |       |       |     1 |       ||     1
  Eat: Chunk             |    16 |    13 |    32 |     2 ||    63
       Fruit             |       |       |     4 |       ||     4
Armor: Animal skin       |    25 |    25 |       |       ||    50
       Robe              |       |       |   115 |    31 ||   146
Dodge: Dodged            |    37 |    47 |   188 |    35 ||   307
